 Dungeon Crawl Stone Soup version 0.30-a0-1074-g5db6f66fbb (webtiles) character file.

Game seed: 802060073992029155

643 CryoSword the Scholar of Death (level 7, -8/51 HPs)
             Began as a Gnoll Necromancer on Apr 14, 2023.
             Was a Follower of Kikubaaqudgha.
             Killed by divine providence
             ... invoked by an orc priest
              (15 damage)
             ... on level 6 of the Dungeon.
             The game lasted 00:07:00 (4928 turns).

CryoSword the Scholar of Death (Gnoll Necromancer)  Turns: 4928, Time: 00:07:01

Health: -8/51      AC:  3    Str:  7    XL:     7   Next: 51%
Magic:  14/15      EV: 12    Int: 17    God:    Kikubaaqudgha [*.....]
Gold:   310        SH:  8    Dex: 12    Spells: 4/17 levels left

rFire   . . .      SeeInvis .    D - +2 sling (drain)
rCold   + . .      Faith    .    h - +0 kite shield
rNeg    . . .      Spirit   .    a - +0 robe
rPois   .          Reflect  .    (no helmet)
rElec   .          Rampage  .    (no cloak)
rCorr   .                        s - +0 pair of gloves
Will    .....                    (no boots)
Stlth   +++                      B - amulet of regeneration
HPRegen 1.08/turn                d - ring of protection from cold
MPRegen 0.14/turn                (no ring)

@: no status effects
A: fangs 1, strong nose, distributed training
a: Renounce Religion, Unearth Wretches


You were on level 6 of the Dungeon.
You worshipped Kikubaaqudgha.
Kikubaaqudgha was aware of your devotion.
You visited 1 branch of the dungeon, and saw 6 of its levels.

You collected 375 gold pieces.
You spent 65 gold pieces at shops.

Inventory:

Hand Weapons
 r - a -2 demon blade
   (You bought it in a shop on level 5 of the Dungeon)
 D - a +2 sling of draining (weapon)
   (You found it on level 3 of the Dungeon)
Missiles
 t - 8 boomerangs
 y - 2 throwing nets
Armour
 a - a +0 robe (worn)
 h - a +0 kite shield (worn)
   (You found it on level 1 of the Dungeon)
 s - a +0 pair of gloves (worn)
   (You found it on level 2 of the Dungeon)
Jewellery
 d - a ring of protection from cold (left hand)
   (You found it on level 1 of the Dungeon)
 B - an amulet of regeneration (around neck)
   (You found it on level 5 of the Dungeon)
Wands
 x - a wand of acid (12)
   (You found it on level 4 of the Dungeon)
 C - a wand of iceblast (7)
   (You found it on level 5 of the Dungeon)
Scrolls
 c - a scroll of magic mapping {unknown}
 e - a scroll of amnesia {unknown}
 f - 2 scrolls of acquirement {unknown}
 l - 3 scrolls of fear
 u - a scroll of blinking {unknown}
 v - 2 scrolls of immolation {unknown}
 w - 2 scrolls of teleportation {unknown}
Potions
 b - 2 potions of magic
 i - 2 potions of heal wounds {@q2}
 k - 2 potions of brilliance
 m - 4 potions of might {unknown}
 o - a potion of flight {unknown}
 p - 2 potions of attraction {!q}
 q - 2 potions of cancellation {unknown}
 z - 2 potions of curing {@q1}
 A - 2 potions of haste {unknown}


   Skills:
 + Level 2.6 Fighting
 + Level 2.6 Short Blades
 + Level 2.6 Long Blades
 + Level 2.6 Axes
 + Level 2.6 Maces & Flails
 + Level 2.6 Polearms
 + Level 2.6 Staves
 + Level 2.6 Ranged Weapons
 + Level 2.6 Throwing
 + Level 2.6 Armour
 + Level 5.3 Dodging
 + Level 5.0 Stealth
 + Level 2.6 Shields
 + Level 2.6 Unarmed Combat
 + Level 5.7 Spellcasting
 + Level 2.1 Conjurations
 + Level 2.1 Hexes
 + Level 2.1 Summonings
 + Level 7.4 Necromancy
 + Level 2.1 Translocations
 + Level 2.1 Transmutations
 + Level 2.1 Fire Magic
 + Level 2.1 Ice Magic
 + Level 2.1 Air Magic
 + Level 2.1 Earth Magic
 + Level 2.1 Poison Magic
 + Level 2.9 Invocations
 + Level 2.6 Evocations


You had 4 spell levels left.
You knew the following spells:

 Your Spells              Type           Power      Damage    Failure   Level
a - Necrotise             Necr           100%       1d9       1%          1
b - Vampiric Draining     Necr           30%        2d8       6%          3
c - Irradiate             Conj/Tmut      6%         3d13      99%         5
z - Animate Dead          Necr           30%        N/A       21%         4

Your spell library contained the following spells:

 Spells                   Type           Power      Damage    Failure   Level
 Sublimation of Blood     Necr           30%        N/A       3%          2
 Cigotuvi's Dreadful Rot  Necr/Pois/Air  36%        N/A       13%         2
 Summon Small Mammal      Summ           48%        N/A       17%         1
 Call Canine Familiar     Summ           12%        N/A       45%         3
 Summon Guardian Golem    Hex/Summ       12%        N/A       45%         3
 Petrify                  Tmut/Erth      12%        N/A       86%         4
 Agony                    Necr           30%        N/A       50%         5


Dungeon Overview and Level Annotations

Branches:
Dungeon (6/15)             Temple (0/1) D:5

Altars:
Ashenzari
Kikubaaqudgha
Makhleb
Qazlal
Ru
Sif Muna
Trog
Uskayaw
Vehumet
Wu Jian
Zin

Shops:
D:5 *


Innate Abilities, Weirdness & Mutations

You have very sharp teeth.
Your uncanny sense of smell can sniff out nearby items.
Your experience applies equally to all skills.


Message History

The orc priest calls upon Beogh to heal the orc.
The orc's wounds heal themselves!
The sky beast hits you.
* * * LOW HITPOINT WARNING * * *
The sky beast shocks you.
* * * LOW HITPOINT WARNING * * *
Something hits your orc zombie.
Your orc zombie closely misses something.
The sky beast hits you but does no damage.
The orc hits your orc zombie with a +2 short sword of draining.
Something completely misses your orc zombie.
Fire: D) +2 sling (drain)
Aim: a sky beast (almost dead, 48% to hit)
You shoot a sling bullet. The sling bullet misses the sky beast.
The sky beast hits you.
* * * LOW HITPOINT WARNING * * *
The sky beast shocks you.
* * * LOW HITPOINT WARNING * * *
The orc hits your orc zombie with a +2 short sword of draining.
Your orc zombie is destroyed!
Fire: D) +2 sling (drain)
Aim: a sky beast (almost dead, 48% to hit)
You shoot a sling bullet. The sling bullet hits the sky beast.
You kill the sky beast!
Kikubaaqudgha accepts your kill.
The dead are flying!
You hear a shout! x2; You hear some strange, mumbled words.
A puff of flame appears from out of thin air!
The puff of flame hits something.
You hear some strange, mumbled words.
A magic dart appears from out of thin air!
The magic dart hits you!
* * * LOW HITPOINT WARNING * * *
Your life force feels restored.
You feel much better.
The orc priest looks braver for a moment.
You hear a shout!
Something completely misses you.
You hear a shout!
Fire: D) +2 sling (drain)
Aim: an orc priest, wielding a +0 club (59% to hit)
You shoot a sling bullet. The sling bullet hits the orc priest.
You drain the orc priest.
Fire: D) +2 sling (drain)
Aim: an orc priest, wielding a +0 club (heavily wounded, heavily drained, ally target, 59% to hit)
You shoot a sling bullet. The sling bullet hits the orc priest.
You drain the orc priest.
You kill the orc priest!
Kikubaaqudgha accepts your kill. Something hits you.
* * * LOW HITPOINT WARNING * * *
Your sky beast zombie barely misses something.
Something hits you but does no damage.
Your Stealth skill increases to level 5!
A magic dart appears from out of thin air!
The magic dart hits you!
* * * LOW HITPOINT WARNING * * *
The orc closely misses your sky beast zombie.
Fire: D) +2 sling (drain)
You shoot a sling bullet.
The orc hits your sky beast zombie with a +0 flail.
The orc priest splashes around in the water.
Your sky beast zombie hits the orc.
A magic dart appears from out of thin air!
The magic dart hits you.
* * * LOW HITPOINT WARNING * * *
The orc barely misses your sky beast zombie.
The orc priest splashes around in the water.
Your sky beast zombie hits the orc but does no damage.
Fire: D) +2 sling (drain)
You shoot a sling bullet.
Your reaping aura is weakening.
Something hits you.
* * * LOW HITPOINT WARNING * * *
The orc hits your sky beast zombie with a +0 flail.
The orc priest splashes around in the water.
Something hits you.
* * * LOW HITPOINT WARNING * * *
Your sky beast zombie hits the orc but does no damage.
Fire: D) +2 sling (drain)
Aim: an orc priest, wielding a +0 morningstar (59% to hit)
You shoot a sling bullet. The sling bullet hits the orc priest.
You drain the orc priest.
An orc wizard appears from thin air!
Reactivating autopickup.
The orc wizard hits you with a +0 dagger.
* * * LOW HITPOINT WARNING * * *
The orc barely misses your sky beast zombie.
The orc priest splashes around in the water.
The orc priest casts a cantrip, but nothing happens.
Something hits you but does no damage.
Deactivating autopickup; reactivate with Ctrl-A.
Your sky beast zombie hits the orc.
The orc priest hits your sky beast zombie with a +0 flail.
The orc wizard barely misses you.
The orc hits your sky beast zombie with a +0 flail!
Fire: D) +2 sling (drain)
Aim: an orc wizard, wielding a +0 dagger and wearing a +0 robe (severely wounded, heavily drained, 51% to hit)
You shoot a sling bullet.
The sling bullet hits the orc wizard but does no damage.
The orc priest mumbles some strange prayers to Beogh against you.
You struggle to resist.
Something hits you.
* * * LOW HITPOINT WARNING * * *
The orc misses your sky beast zombie.
The orc wizard hits you but does no damage.
The orc priest hits your sky beast zombie with a +0 flail!
Your sky beast zombie hits the orc priest.
Something hits you.
* * * LOW HITPOINT WARNING * * *
You feel much better.
Your reaping aura expires.
The orc seems less drained.
The orc wizard hits you with a +0 dagger.
The orc hits your sky beast zombie with a +0 flail!
The orc priest hits your sky beast zombie with a +0 flail.
Your sky beast zombie barely misses the orc priest.
Something hits you.
Fire: D) +2 sling (drain)
Aim: an orc wizard, wielding a +0 dagger and wearing a +0 robe (severely wounded, heavily drained, 51% to hit)
You shoot a sling bullet. The sling bullet hits the orc wizard.
You drain the orc wizard.
You kill the orc wizard!
Kikubaaqudgha accepts your kill.
The orc priest calls upon Beogh to heal the orc.
The orc's wounds heal themselves!
The orc hits your sky beast zombie with a +0 flail!
Your sky beast zombie is destroyed!
Something hits you.
Fire: D) +2 sling (drain)
Aim: an orc priest, wielding a +0 morningstar (moderately wounded, heavily drained, 59% to hit)
You shoot a sling bullet. The sling bullet hits the orc priest!
The orc priest mumbles some strange prayers to Beogh against you.
Beogh smites you!
* * * LOW HITPOINT WARNING * * *
Something hits you.
* * * LOW HITPOINT WARNING * * *
The orc priest mumbles some strange prayers to Beogh against you.
Beogh smites you!
* * * LOW HITPOINT WARNING * * *
Something hits you.
* * * LOW HITPOINT WARNING * * *
Fire: D) +2 sling (drain)
Aim: an orc priest, wielding a +0 morningstar (severely wounded, heavily drained, 59% to hit)
You shoot a sling bullet.
The sling bullet closely misses the orc priest.
An orc wizard appears from thin air!
Reactivating autopickup.
The orc wizard closely misses you.
The orc priest mumbles some strange prayers to Beogh against you.
Beogh smites you!
You die...
Kikubaaqudgha rasps: "You have failed me!
Welcome... death!"

#.........# ...... #.<#
#..#..# #..### #......
###....###....# .........
#...##........# ..>......
..........^##.#..# .........
.......###....#..###..........
....... ##...................
....... #..o@#.#.## .........
....... ##...o#.Z.# .........
#.##### #.....o.# # .......<.
#..####o###.##........ #...
#oo....)..####.# #.##
##o.o..## .o# #.. o##### ###
.. ##


You could see an orc priest, 2 orc wizards and 5 orcs.

Vanquished Creatures
  A black bear (D:5)
  A sky beast (D:6)
  A howler monkey (D:4)
  An orc priest (D:6)
  3 hounds
  An iguana (D:5)
  2 orc wizards
  6 adders
  4 gnolls (D:4)
  A shadow imp (D:5)
  A white imp (D:5)
  5 worms
  2 dart slugs
  8 orcs
  7 bats
  10 endoplasms
  4 giant cockroaches
  3 goblins (D:1)
  6 hobgoblins
  9 jackals
  3 quokkas
  6 ball pythons
  3 frilled lizards
  3 kobolds
  3 rats
94 creatures vanquished.

Vanquished Creatures (collateral kills)
  A jackal (D:2)
  A ball python (D:1)
2 creatures vanquished.

Vanquished Creatures (others)
  A sky beast zombie (D:6)
  3 orc zombies (D:6)
4 creatures vanquished.

Grand Total: 100 creatures vanquished

Notes
Turn   | Place    | Note
-------+----------+-------------------------------------------
     0 | D:1      | CryoSword the Gnoll Necromancer began the quest for the
                  | Orb.
     0 | D:1      | Reached XP level 1. HP: 13/13 MP: 6/6
   327 | D:1      | Reached XP level 2. HP: 19/19 MP: 4/7
   874 | D:1      | Reached skill level 5 in Spellcasting
   874 | D:1      | Reached XP level 3. HP: 25/25 MP: 5/9
  1233 | D:1      | Learned a level 3 spell: Vampiric Draining
  1292 | D:2      | Reached skill level 1 in Invocations
  1385 | D:2      | Reached skill level 1 in Fighting
  1385 | D:2      | Reached skill level 1 in Short Blades
  1385 | D:2      | Reached skill level 1 in Long Blades
  1385 | D:2      | Reached skill level 1 in Axes
  1385 | D:2      | Reached skill level 1 in Maces & Flails
  1385 | D:2      | Reached skill level 1 in Polearms
  1385 | D:2      | Reached skill level 1 in Staves
  1385 | D:2      | Reached skill level 1 in Ranged Weapons
  1385 | D:2      | Reached skill level 1 in Throwing
  1385 | D:2      | Reached skill level 1 in Armour
  1385 | D:2      | Reached skill level 1 in Shields
  1385 | D:2      | Reached skill level 1 in Unarmed Combat
  1385 | D:2      | Reached skill level 1 in Evocations
  1453 | D:2      | Reached XP level 4. HP: 30/32 MP: 1/11
  1610 | D:2      | Found a burning altar of Makhleb.
  1850 | D:2      | Reached skill level 1 in Conjurations
  1850 | D:2      | Reached skill level 1 in Hexes
  1850 | D:2      | Reached skill level 1 in Summonings
  1850 | D:2      | Reached skill level 1 in Translocations
  1850 | D:2      | Reached skill level 1 in Transmutations
  1850 | D:2      | Reached skill level 1 in Fire Magic
  1850 | D:2      | Reached skill level 1 in Ice Magic
  1850 | D:2      | Reached skill level 1 in Air Magic
  1850 | D:2      | Reached skill level 1 in Earth Magic
  1850 | D:2      | Reached skill level 1 in Poison Magic
  2526 | D:3      | Found a burning altar of Makhleb.
  2531 | D:3      | Found a radiant altar of Vehumet.
  2533 | D:3      | Found a sacrificial altar of Ru.
  2553 | D:3      | Found a shimmering blue altar of Sif Muna.
  2553 | D:3      | Found an ancient bone altar of Kikubaaqudgha.
  2554 | D:3      | Found a broken altar of Ashenzari.
  2557 | D:3      | Found an ornate altar of the Wu Jian Council.
  2563 | D:3      | Became a worshipper of Kikubaaqudgha
  2697 | D:3      | Reached XP level 5. HP: 37/37 MP: 8/12
  3141 | D:4      | Learned a level 4 spell: Animate Dead
  3181 | D:4      | Learned a level 5 spell: Irradiate
  3374 | D:4      | Reached XP level 6. HP: 37/44 MP: 3/13
  3510 | D:4      | Found a stormy altar of Qazlal.
  3511 | D:4      | Noticed a fire elemental
  3512 | D:4      | Noticed a water elemental
  3512 | D:4      | Noticed an air elemental
  3586 | D:4      | Found a glowing silver altar of Zin.
  3963 | D:4      | Reached skill level 5 in Dodging
  4062 | D:5      | Entered Level 5 of the Dungeon
  4198 | D:5      | Reached * piety under Kikubaaqudgha
  4198 | D:5      | Received a gift from Kikubaaqudgha
  4594 | D:5      | Found a hide-covered altar of Uskayaw.
  4614 | D:5      | Found Etwoirph's Lightly-Used Armoury.
  4617 | D:5      | Found a bloodstained altar of Trog.
  4623 | D:5      | Bought a -2 demon blade for 65 gold pieces
  4672 | D:5      | Found a staircase to the Ecumenical Temple.
  4672 | D:5      | Noticed a black bear
  4679 | D:5      | Killed a black bear
  4680 | D:5      | Reached XP level 7. HP: 51/51 MP: 15/15
  4920 | D:6      | Reached skill level 5 in Stealth
  4928 | D:6      | Killed from afar by an orc priest

Illustrated notes

Levels and vault maps discovered:
D:1:      elethiomel_arrival_quiet, layout_basic
D:2:      layout_loops_ring, basic_altar
D:3:      layout_loops_ring, nicolae_overflow_hallway_of_the_gods
D:4:      layout_loops_ring, zin_scriptorium, nicolae_qazlal_style_of_elements
D:5:      layout_basic, trog_three_pillars_becter,
          mainiacjoe_overflow_surrounded_room,
          minmay_temple_entry_statues_pillars, minmay_shop_damaged,
          kennysheep_generic_room_9
D:6:      layout_rooms

Skill      XL: |  1  2  3  4  5  6  7 |
---------------+----------------------+-----
Spellcasting   | 5 |  5.7
Invocations    | 1 2 |  2.9
Fighting       | 1 2 |  2.6
Short Blades   | 1 2 |  2.6
Long Blades    | 1 2 |  2.6
Axes           | 1 2 |  2.6
Maces & Flails | 1 2 |  2.6
Polearms       | 1 2 |  2.6
Staves         | 1 2 |  2.6
Ranged Weapons | 1 2 |  2.6
Throwing       | 1 2 |  2.6
Armour         | 1 2 |  2.6
Shields        | 1 2 |  2.6
Unarmed Combat | 1 2 |  2.6
Evocations     | 1 2 |  2.6
Conjurations   | 1 2 |  2.1
Hexes          | 1 2 |  2.1
Summonings     | 1 2 |  2.1
Translocations | 1 2 |  2.1
Transmutations | 1 2 |  2.1
Fire Magic     | 1 2 |  2.1
Ice Magic      | 1 2 |  2.1
Air Magic      | 1 2 |  2.1
Earth Magic    | 1 2 |  2.1
Poison Magic   | 1 2 |  2.1
Dodging        | 5 |  5.3
Stealth        | 5 |  5.0
Necromancy     | |  7.4

Action                     |  1- 3 |  4- 6 |  7- 9 || total
---------------------------+-------+-------+-------++-------
  Melee: Unarmed           |     1 |       |       ||     1
         Falchion          |       |    26 |       ||    26
         Bite              |       |     6 |       ||     6
   Fire: Sling             |       |    13 |    38 ||    51
   Cast: Necrotise         |    56 |   114 |       ||   170
         Animate Dead      |       |       |     1 ||     1
    Use: Scroll            |       |     7 |       ||     7
         Potion            |       |       |     2 ||     2
   Stab: Sleeping          |       |     1 |       ||     1
 Armour: Robe              |     2 |    13 |    11 ||    26
  Dodge: Dodged            |    14 |    28 |     7 ||    49
  Block: Kite shield       |    12 |    28 |     9 ||    49

Table legend: (Time is in decaauts)
 A = Elapsed time spent in this place.
 B = Non-inter-level travel time spent in this place.
 C = Inter-level travel time spent in this place.
 D = Time resting spent in this place.
 E = Time spent auto-exploring this place.
 F = Levels seen in this place.
 G = Mean time per level.
                   A        B        C        D        E       F      G
               +--------+--------+--------+--------+--------+-----+--------+
         Total |   5144 |   4892 |    252 |     39 |   4197 |   6 |  857.3 |
       Dungeon |   5144 |   4892 |    252 |     39 |   4197 |   6 |  857.3 |
               +--------+--------+--------+--------+--------+-----+--------+

Top non-repeatable levels by time:
     D:1: 1361 daAuts
     D:4: 1068 daAuts
     D:2: 1059 daAuts
     D:3: 882 daAuts
     D:5: 698 daAuts
     D:6: 73 daAuts
